 Dungeon Crawl Stone Soup version 0.22.1-6-g1668fe2c40 (webtiles) character file.

10094 Forgol the Thaumaturge (level 11, 0/61 HPs)
             Began as a Deep Elf Conjurer on Jan 21, 2019.
             Was an Elder of Vehumet.
             Killed by mirror damage (10 damage)
             ... on level 11 of the Dungeon.
             The game lasted 01:07:13 (17544 turns).

Forgol the Thaumaturge (Deep Elf Conjurer)         Turns: 17544, Time: 01:07:13

Health: 0/61       AC:  5    Str:  5    XL:     11   Next: 31%
Magic:  14/29      EV: 16    Int: 24    God:    Vehumet [****..]
Gold:   427        SH:  4    Dex: 15    Spells: 12/34 levels left

rFire    . . .     SeeInvis +   w - +4 trident "Mehy" {freeze, +Fly rC+++ rN+ Stlth-}
rCold    + + +     Gourm    .   (no shield)
rNeg     + . .     Faith    .   a - +0 robe
rPois    .         Spirit   .   r - +0 helmet
rElec    .         Reflect  +   u - +0 cloak {+Inv}
rCorr    .         Harm     .   G - +0 pair of gloves
MR       +....                  (no boots)
Stlth    +.........             i - +4 amulet of reflection
HPRegen  0.20/turn              j - ring of see invisible
MPRegen  0.21/turn              e - ring of wizardry

@: no status effects
A: no striking features
a: Renounce Religion, Evoke Invisibility, Evoke Flight


You were on level 11 of the Dungeon.
You worshipped Vehumet.
Vehumet was greatly pleased with you.
You were not hungry.

You visited 2 branches of the dungeon, and saw 12 of its levels.

You collected 637 gold pieces.
You spent 210 gold pieces at shops.

Inventory:

Hand Weapons
 w - the +4 trident "Mehy" (weapon) {freeze, +Fly rC+++ rN+ Stlth-}
   (You found it on level 6 of the Dungeon)

   It has been specially enchanted to freeze those struck by it, causing extra
   injury to most foes and up to half again as much damage against particularly
   susceptible opponents.
   It can also slow down cold-blooded creatures.
   It renders you almost immune to cold.
   It protects you from negative energy.
   It lets you fly.
   It makes you less stealthy.
 y - a +6 antimagic quarterstaff
Missiles
 q - 246 stones
 I - 4 javelins
 L - 8 poisoned javelins (quivered)
Armour
 a - a +0 robe (worn)
 r - a +0 helmet (worn)
 u - a +0 cloak of invisibility (worn)
 G - a +0 pair of gloves (worn)
Magical Staves
 B - an uncursed staff of earth
Jewellery
 e - a ring of wizardry (right hand)
 i - a +4 amulet of reflection (around neck)
 j - a ring of see invisible (left hand)
 n - an uncursed ring of ice
 E - an uncursed ring of protection from cold
Wands
 l - a wand of acid (7)
 x - a wand of paralysis (8)
 C - a wand of polymorph (3)
Scrolls
 h - 7 scrolls of teleportation
 k - a scroll of fog {unknown}
 o - 5 scrolls of remove curse
 p - a scroll of enchant weapon
 t - a scroll of magic mapping
 D - a scroll of amnesia
 F - a scroll of summoning {unknown}
 H - a scroll of acquirement {unknown}
 J - 2 scrolls of enchant armour {unknown}
Potions
 b - 2 potions of lignification {unknown}
 d - a potion of invisibility {unknown}
 f - 5 potions of brilliance
 g - 5 potions of curing
 m - 3 potions of agility
 s - 5 potions of flight
 v - 3 potions of heal wounds
 z - a potion of ambrosia {unknown}
 A - a potion of haste
 K - a potion of magic {unknown}
Comestibles
 c - 12 rations


   Skills:
 - Level 4.2 Fighting
 - Level 6.7 Dodging
 - Level 2.4 Stealth
 + Level 12.4 Spellcasting
 - Level 11.8 Conjurations
 * Level 9.2 Fire Magic


You had 12 spell levels left.
You knew the following spells:

 Your Spells              Type           Power        Failure   Level  Hunger
a - Magic Dart            Conj           ####         1%          1    None
b - Searing Ray           Conj           ######       1%          2    None
c - Dazzling Spray        Conj/Hex       #####.       1%          3    None
d - Iskenderun's Mystic   Conj           ######..     1%          4    None
e - Conjure Flame         Conj/Fire      ######..     1%          3    None
f - Sticky Flame          Conj/Fire      ######..     1%          4    None
g - Fireball              Conj/Fire      ######....   1%          5    ###....

Your spell library contained the following spells:

 Spells                   Type           Power        Failure   Level  Hunger
 Beastly Appendage        Tmut           ##....       1%          1    None
 Flame Tongue             Conj/Fire      #####        1%          1    None
 Throw Flame              Conj/Fire      ######       1%          2    None
 Inner Flame              Hex/Fire       #####...     1%          3    None
 Force Lance              Conj/Tloc      #####...     1%          4    None
 Fulminant Prism          Conj/Hex       #####.....   1%          4    None
 Sticks to Snakes         Tmut           ##......     2%          2    None
 Spider Form              Tmut/Pois      ##........   4%          3    None
 Ice Form                 Ice/Tmut       ##......     16%         4    None
 Blade Hands              Tmut           ##........   41%         5    ###....


Dungeon Overview and Level Annotations

Branches:
Dungeon (11/15)            Temple (1/1) D:5
   Lair: D:8-11         Orc: D:9-12

Altars:
Gozag
Sif Muna
Uskayaw
Vehumet
Xom
Yredelemnul
Zin

Shops:
D:6 *:[((   D:10 ?

Annotations:
D:4 Eustachio


Message History

Your body is wracked with pain!
* * * LOW HITPOINT WARNING * * *
The death knight offers itself to Yredelemnul, and fills with unholy energy.
The death knight mumbles some strange prayers to Yredelemnul against you.
Your body is wracked with pain!
* * * LOW HITPOINT WARNING * * *
You see here 15 sling bullets.
The death knight's dark mirror aura disappears.
The death knight mumbles some strange prayers to Yredelemnul against you.
Your body is wracked with pain!
* * * LOW HITPOINT WARNING * * *
The death knight offers itself to Yredelemnul, and fills with unholy energy.
Casting: Searing Ray (safe; 1% risk of failure)
Confirm with . or Enter, or press ? or * to list all spells.
Aiming: Fireball (safe; 1% risk of failure)
Press: ? - help, Shift-Dir - straight line, p - death knight The fireball explodes!
The fireball engulfs the death knight.
The death knight is heavily wounded.
The death knight reflects your damage back at you!
You die...

##.## #....## ##..###.#.......
#...####....#####...#..........
##....####...#..###..##.#...#...
#.!....###..#....##...#######...
###.##.###....#..####.#####.##...
#..................∩.............
#................................
................)................
................@......p.....(...
.................................
..#..#.####.###########.#.##..[..
........# ### #....(#.#[..
.......## ##.#........ ..#...##
####.#..... .......# ###.....
#...#.## ##....... #...###
#.....[..


You could see a death knight.

Vanquished Creatures
  2 two-headed ogres (D:11)
  An ugly thing (D:11)
  A cyclops (D:11)
  Maurice (D:8)
  A gargoyle (D:10)
  A freezing wraith (D:11)
  2 trolls
  3 hippogriffs
  2 wyverns
  A vampire (D:9)
  2 wraiths (D:11)
  5 yaks
  A soldier ant (D:10)
  A swamp drake (D:11)
  An ice beast (D:10)
  2 black bears
  An orc warrior (D:11)
  3 sky beasts
  An eye of draining (D:10)
  2 necrophages
  3 phantoms
  6 ogres
  3 centaurs
  3 crocodiles
  Blork the orc (D:4)
  8 bullfrogs
  9 wights
  3 howler monkeys
  A bullfrog zombie (D:8)
  A centaur zombie (D:8)
  4 crimson imps
  8 hounds
  A jelly (D:11)
  An orc priest (D:11)
  A gnoll shaman (D:5)
  3 orc wizards
  2 iguanas
  7 worker ants
  A hound skeleton (D:10)
  A hound zombie (D:5)
  2 worker ant zombies
  14 gnolls
  7 adders
  4 shadow imps
  An adder skeleton (D:9)
  2 worms
  2 dart slugs
  6 leopard geckos
  24 orcs
  2 ball pythons
  9 bats
  A giant cockroach (D:6)
  2 gnoll zombies (D:8)
  14 goblins
  12 hobgoblins
  19 jackals
  A quokka (D:11)
  7 frilled lizards
  A jackal skeleton (D:9)
  11 kobolds
  A quokka skeleton (D:4)
  3 quokka zombies
  4 rats
250 creatures vanquished.

Vanquished Creatures (others)
  A centaur (D:11)
1 creature vanquished.

Grand Total: 251 creatures vanquished

Notes
Turn   | Place    | Note
-------+----------+-------------------------------------------
     0 | D:1      | Forgol the Deep Elf Conjurer began the quest for the Orb.
     0 | D:1      | Reached XP level 1. HP: 10/10 MP: 6/6
   563 | D:1      | Reached XP level 2. HP: 15/15 MP: 5/8
   594 | D:1      | Learned a level 2 spell: Searing Ray
  1838 | D:2      | Reached skill level 4 in Spellcasting
  1896 | D:2      | Reached XP level 3. HP: 15/19 MP: 6/10
  1919 | D:2      | Reached skill level 5 in Conjurations
  1966 | D:2      | Learned a level 3 spell: Dazzling Spray
  3713 | D:3      | Reached XP level 4. HP: 24/24 MP: 8/12
  3719 | D:3      | Learned a level 4 spell: Iskenderun's Mystic Blast
  3977 | D:4      | Noticed Blork the orc
  4115 | D:4      | Killed Blork the orc
  4115 | D:4      | Reached skill level 5 in Spellcasting
  4115 | D:4      | Reached XP level 5. HP: 4/28 MP: 5/14
  4780 | D:4      | Noticed Eustachio
  4838 | D:4      | Noticed a phantom
  4851 | D:4      | Killed a phantom
  4851 | D:4      | Reached skill level 6 in Spellcasting
  5023 | D:4      | Reached XP level 6. HP: 32/32 MP: 12/17
  5768 | D:5      | Entered Level 5 of the Dungeon
  5813 | D:5      | Found a staircase to the Ecumenical Temple.
  5821 | Temple   | Entered the Ecumenical Temple
  5832 | Temple   | Became a worshipper of Vehumet
  6187 | D:5      | Reached XP level 7. HP: 34/36 MP: 11/19
  6311 | D:5      | Reached skill level 7 in Spellcasting
  6822 | D:5      | Reached * piety under Vehumet
  6822 | D:5      | Offered knowledge of Sting by Vehumet.
  7768 | D:6      | Found Fioseena's General Store.
  8389 | D:6      | Got a shimmering trident
  8394 | D:6      | Identified the +4 trident "Mehy" {freeze, +Fly rC+++ rN+
                  | Stlth-} (You found it on level 6 of the Dungeon)
  8398 | D:6      | Reached skill level 1 in Fighting
  8500 | D:6      | Offered knowledge of Shock by Vehumet.
  8538 | D:6      | Reached ** piety under Vehumet
  8645 | D:6      | Reached XP level 8. HP: 43/43 MP: 15/21
  8716 | D:6      | Found Karuatwi's Armour Shoppe.
  8717 | D:6      | Found Penlupell's Antique Weapon Emporium.
  8733 | D:6      | Found Avestiem's Antique Weapon Emporium.
  8745 | D:6      | Bought a glowing quarterstaff for 210 gold pieces
  8757 | D:6      | Found Duiresir's Book Shoppe.
  8905 | D:6      | Reached skill level 8 in Spellcasting
  9581 | D:7      | Noticed a hippogriff
  9806 | D:7      | Killed a hippogriff
 10177 | D:7      | Reached skill level 10 in Conjurations
 10393 | D:7      | Reached XP level 9. HP: 49/49 MP: 15/23
 10448 | D:7      | Reached skill level 9 in Spellcasting
 10449 | D:7      | Offered knowledge of Conjure Flame by Vehumet.
 10666 | D:7      | Reached skill level 5 in Dodging
 10910 | D:8      | Noticed Maurice
 10922 | D:8      | Killed Maurice
 11084 | D:8      | Learned a level 3 spell: Conjure Flame
 11701 | D:8      | Reached *** piety under Vehumet
 12055 | D:8      | Found a basalt altar of Yredelemnul.
 12523 | D:9      | Reached skill level 10 in Spellcasting
 12737 | D:9      | Reached XP level 10. HP: 50/56 MP: 16/26
 12748 | D:9      | Offered knowledge of Sticky Flame by Vehumet.
 12845 | D:9      | Learned a level 4 spell: Sticky Flame
 13017 | D:9      | Found a shimmering altar of Xom.
 13060 | D:9      | Reached skill level 1 in Fire Magic
 13707 | D:10     | Entered Level 10 of the Dungeon
 13851 | D:10     | Learned a level 5 spell: Fireball
 14282 | D:10     | Found Natuoc's Magic Scroll Boutique.
 14350 | D:10     | Noticed a gargoyle
 14355 | D:10     | Killed a gargoyle
 14724 | D:10     | Reached skill level 11 in Spellcasting
 15023 | D:10     | Reached skill level 5 in Fire Magic
 15609 | D:11     | Noticed a white ugly thing
 15617 | D:11     | Killed a white ugly thing
 15715 | D:11     | Noticed a cyclops
 15733 | D:11     | Killed a cyclops
 16149 | D:11     | Noticed a two-headed ogre
 16161 | D:11     | Killed a two-headed ogre
 16161 | D:11     | Reached skill level 12 in Spellcasting
 16161 | D:11     | Reached XP level 11. HP: 61/61 MP: 1/29
 16756 | D:11     | Reached **** piety under Vehumet
 16756 | D:11     | Noticed a death knight
 17396 | D:11     | Noticed a two-headed ogre
 17401 | D:11     | Killed a two-headed ogre
 17544 | D:11     | Killed by mirror damage

Skill      XL: |  1  2  3  4  5  6  7  8  9 10 11 |
---------------+----------------------------------+-----
Spellcasting   | 4 5 6 7 8 10 12 | 12.4
Conjurations   | 5 6 7 8 10 11 | 11.8
Dodging        | 3 4 6 |  6.7
Fighting       | 1 2 4 |  4.2
Fire Magic     | 8 9 |  9.2
Stealth        | |  2.4

Action                   |  1- 3 |  4- 6 |  7- 9 | 10-12 || total
-------------------------+-------+-------+-------+-------++-------
Melee: Short sword       |    14 |     6 |       |       ||    20
       Trident           |       |       |     7 |    10 ||    17
       Quarterstaff      |       |       |     7 |       ||     7
 Cast: Magic Dart        |    92 |    39 |   117 |    54 ||   302
       Searing Ray       |     3 |     9 |    78 |    32 ||   122
       Iskenderun's Myst |       |    11 |    37 |    77 ||   125
       Dazzling Spray    |       |       |     2 |       ||     2
       Conjure Flame     |       |       |     1 |       ||     1
       Sticky Flame      |       |       |       |     1 ||     1
       Fireball          |       |       |       |     8 ||     8
  Use: Scroll            |     4 |     3 |     5 |     4 ||    16
       Potion            |       |     1 |       |     1 ||     2
  Eat: Chunk             |     8 |     4 |     9 |     5 ||    26
       Ration            |       |     2 |     3 |     3 ||     8
Armor: Robe              |     1 |     1 |     7 |    12 ||    21
Dodge: Dodged            |    25 |     6 |    51 |    47 ||   129
Block: Other             |     2 |     3 |     8 |     9 ||    22
       Reflection        |       |       |     2 |     4 ||     6
